AoeStats
← cisi1982

Hideout

507756946Analyzed
1v1 RM · 13d ago on Sep 19, 2026· 59m 57s· 2 players
Game mode
Random Map
Map size
Tiny (2 player)
Population
200
Speed
Normal
Resources
Standard
Victory
Conquest
Starting age
Dark Age
Ending age
Imperial Age
RankedLock teamsTeams togetherTeam positionsShared explorationLock speedFull tech treeHidden civsTurbo modeCheats
Victory
Defeat
🇹🇼 Dravidians · Taiwan
938
+14
🇨🇿 Romans · Czechia
884
-14
cisi1982
9:59 Feudal Age
8:14 Loom
10:38 Double-Bit Axe
14:40 Castle Age
31:11 Horse Collar
34:40 Forging
34:31 Scale Mail Armor
34:22 Fletching
34:32 Padded Archer Armor
34:20 Man-at-Arms
35:01 Squires
37:53 Imperial Age
35:10 Long Swordsman
37:46 Gold Mining
37:47 Stone Mining
38:02 Heavy Plow
38:22 Bow Saw
38:24 Heavy Scorpion
40:15 Legionary
42:22 Iron Casting
42:04 Chain Mail Armor
44:07 Blast Furnace
43:04 Bodkin Arrow
43:24 Leather Archer Armor
44:37 Onager
45:58 Conscription
47:39 Comitatenses
47:35 Ballistas
47:51 Comitatenses
49:28 Comitatenses
48:43 Sappers
50:55 Onager
54:37 Wheelbarrow
53:47 Town Watch
54:37 Ballistics
55:24 Chemistry
57:51 Leather Archer Armor
57:56 Hand Cart
57:41 Town Patrol
57:05 Light Cavalry
ike790324
7:58 Loom
10:19 Feudal Age
10:33 Man-at-Arms
20:21 Castle Age
20:07 Fletching
20:24 Pikeman
21:32 Crossbowman
22:40 Squires
23:30 Double-Bit Axe
24:31 Horse Collar
25:52 Gold Mining
28:38 Wheelbarrow
27:51 Town Watch
28:59 Bodkin Arrow
29:29 Bow Saw
31:40 Padded Archer Armor
35:01 Husbandry
35:20 Scale Barding Armor
39:26 Imperial Age
38:53 Heavy Plow
39:37 Onager
41:30 Chemistry
40:26 Elite Skirmisher
40:29 Halberdier
42:40 Ballistics
44:11 Elite Elephant Archer
45:30 Bracer
46:43 Masonry
48:05 Thumb Ring
48:17 Leather Archer Armor
48:14 Forging
50:11 Conscription
52:28 Guilds
51:48 Siege Onager
53:23 Ring Archer Armor
54:51 Medical Corps
Connection lost

Rejoining the realm…

Still unreachable

The connection could not be restored.

Session expired

The server has moved on; the page needs a fresh start.